 Dungeon Crawl Stone Soup version 0.23-b1-49-g13d5857 (webtiles) character file.

Game seed: 13317429621412743473

82 suvakkihuora the Skirmisher (level 4, -2/38 HPs)
             Began as a Formicid Monk on Feb 3, 2019.
             Slain by an adder (3 damage)
             ... on level 2 of the Dungeon.
             The game lasted 00:03:46 (1138 turns).

suvakkihuora the Skirmisher (Formicid Monk)         Turns: 1138, Time: 00:03:47

Health: -2/38      AC:  5    Str: 16    XL:     4   Next: 70%
Magic:  4/4        EV: 11    Int: 10    God:
Gold:   125        SH:  0    Dex: 13    Spells: 3/3 levels left

rFire    . . .     SeeInvis +   a - +0 hand axe
rCold    . . .     Gourm    .   (no shield)
rNeg     . . .     Faith    .   h - +0 ring mail
rPois    .         Spirit   .   (helmet unavailable)
rElec    .         Reflect  .   (no cloak)
rCorr    .         Harm     .   (no gloves)
MR       .....                  (no boots)
Stlth    +.........             (no amulet)
HPRegen  0.12/turn              (no ring)
MPRegen  0.09/turn              (no ring)

@: lethally poisoned (-2 -> -3)
A: permanent stasis, dig shafts and tunnels, four strong arms, antennae 3
a: Dig, Shaft Self


You were on level 2 of the Dungeon.
You were not hungry.

You visited 1 branch of the dungeon, and saw 3 of its levels.

You collected 125 gold pieces.

Inventory:

Hand Weapons
 a - a +0 hand axe (weapon)
Armour
 b - a +0 robe
 h - a +0 ring mail (worn)
Scrolls
 d - a scroll of teleportation
 e - a scroll of identify {unknown}
 f - a scroll of remove curse {unknown}
 g - a scroll of random uselessness {unknown}
Comestibles
 c - 3 rations
 i - 9 chunks of flesh


   Skills:
 + Level 4.5 Fighting
 + Level 4.1 Axes
 - Level 2.6 Dodging
 - Level 2.4 Stealth


You had 3 spell levels left.
You didn't know any spells.
Your spell library was empty.

Dungeon Overview and Level Annotations

Branches:
Dungeon (3/15)

Altars:
Ashenzari
Nemelex Xobeh

Annotations:
D:2 1 runed translucent door, Crazy Yiuf
D:3 Robin, Sigmund


Innate Abilities, Weirdness & Mutations

You cannot be hasted, slowed, berserked, paralysed or teleported.
You can dig through walls and to a lower floor.
Your four strong arms can wield two-handed weapons with a shield.
You have a pair of large antennae on your head. (SInv)


Message History

You feel a strange sense of stasis.
It was a scroll of teleportation.
* * * LOW HITPOINT WARNING * * *
You feel sick. The goblin barely misses you.
You closely miss the goblin.
The goblin is heavily wounded.
The goblin hits you but does no damage.
You closely miss the goblin.
The goblin is heavily wounded.
The goblin no longer looks unusually strong.
The goblin hits you but does no damage.
You hit the goblin but do no damage.
The goblin is heavily wounded.
The goblin closely misses you.
You slash the goblin!
You kill the goblin!
* * * LOW HITPOINT WARNING * * *
You feel sick.
You barely miss the adder. The adder completely misses you.
The adder bites you.
You die...

# #.# #.# # #.#
#.# #####.# #.#
...†..# #.#
####### #.#
(.....# #.#
#†###.# #.# #)#
.# ###S# #.###.#
#.)@# #.....#
#.### #.#.###
#(# #.#.# #.#
#.#.# #.# #.#.#
#.# #.#.# #.#
#.#.# #.#
#.#.##########.#


You could see an adder.

Vanquished Creatures
  2 adders (D:2)
  A worm (D:2)
  A dart slug (D:1)
  A leopard gecko (D:2)
  3 orcs (D:2)
  6 bats (D:2)
  2 giant cockroaches
  13 goblins
  6 hobgoblins
  3 jackals (D:2)
  A ball python (D:1)
  4 frilled lizards
  4 kobolds
  3 rats
  A fungus (D:2)
51 creatures vanquished.

Vanquished Creatures (others)
  3 toadstools (D:2)
3 creatures vanquished.

Grand Total: 54 creatures vanquished

Notes
Turn   | Place    | Note
-------+----------+-------------------------------------------
     0 | D:1      | suvakkihuora the Formicid Monk began the quest for the Orb.
     0 | D:1      | Reached XP level 1. HP: 18/18 MP: 1/1
   288 | D:1      | Reached XP level 2. HP: 21/24 MP: 2/2
   382 | D:2      | Reached XP level 3. HP: 22/30 MP: 3/3
   623 | D:3      | Noticed Sigmund
   745 | D:2      | Found a runed translucent door.
   746 | D:2      | Noticed Crazy Yiuf
   760 | D:2      | Found a shattered altar of Ashenzari.
   808 | D:2      | Reached XP level 4. HP: 31/37 MP: 4/4
   811 | D:2      | Found a sparkling altar of Nemelex Xobeh.
   915 | D:3      | Noticed Robin
  1133 | D:2      | HP: 1/38 [poisoned by an adder]
  1138 | D:2      | Slain by an adder

Skill      XL: |  1  2  3  4 |
---------------+-------------+-----
Fighting       | 4 |  4.5
Axes           | 4 |  4.1
Dodging        | |  2.6
Stealth        | |  2.4

Action                   |  1- 3 |  4- 6 || total
-------------------------+-------+-------++-------
Melee: Hand axe          |   109 |    62 ||   171
 Abil: Dig               |       |     1 ||     1
  Use: Scroll            |       |     1 ||     1
 Stab: Sleeping          |     1 |       ||     1
  Eat: Chunk             |       |     1 ||     1
Armor: Robe              |    15 |       ||    15
       Ring mail         |    11 |    24 ||    35
Dodge: Dodged            |    76 |    54 ||   130
